 Dungeon Crawl Stone Soup version 0.27.1-34-g3ba077fa99 (webtiles) character file.

Game seed: 14263112769896638527

13 Karpo the Sneak (level 2, 0/13 HPs)
             Began as a Spriggan Enchanter on Jan 25, 2022.
             Slain by a goblin (1 damage)
             ... on level 1 of the Dungeon.
             The game lasted 00:00:56 (526 turns).

Karpo the Sneak (Spriggan Enchanter)                 Turns: 526, Time: 00:00:56

Health: 0/13       AC:  2    Str:  4    XL:     2   Next: 24%
Magic:  6/6        EV: 17    Int: 16    God:
Gold:   0          SH:  0    Dex: 15    Spells: 3/6 levels left

rFire    . . .     SeeInvis +   a - +1 dagger
rCold    . . .     Faith    .   (shield restricted)
rNeg     . . .     Spirit   .   b - +0 robe
rPois    .         Reflect  .   (helmet restricted)
rElec    .         Harm     .   (no cloak)
rCorr    .         Rampage  .   (gloves unavailable)
Will     .....                  (boots unavailable)
Stlth    +++.......             (no amulet)
HPRegen  0.04/turn              (no ring)
MPRegen  0.10/turn              (no ring)

@: very quick
A: very small, no large weapons, unfitting armour, see invisible, speed 3
a: no special abilities


You were on level 1 of the Dungeon.
You visited 1 branch of the dungeon, and saw 2 of its levels.

Inventory:

Hand Weapons
 a - a +1 dagger (weapon)
Armour
 b - a +0 robe (worn)
Jewellery
 d - a ring of wizardry
Potions
 c - a potion of curing {unknown}
 e - 2 potions of heal wounds {unknown}
 f - a potion of flight {unknown}


   Skills:
 + Level 2.0 Short Blades
 - Level 2.6 Dodging
 + Level 5.1 Stealth
 - Level 2.6 Spellcasting
 - Level 3.6 Hexes


You had 3 spell levels left.
You knew the following spells:

 Your Spells              Type           Power      Damage    Failure   Level
a - Corona                Hex            14%        N/A       4%          1
b - Ensorcelled Hibernat  Hex/Ice        14%        N/A       14%         2

Your spell library contained the following spells:

 Spells                   Type           Power      Damage    Failure   Level
 Confusing Touch          Hex            13%        N/A       13%         3
 Tukima's Dance           Hex            13%        N/A       13%         3
 Dazzling Flash           Conj/Hex       14%        N/A       28%         3


Dungeon Overview and Level Annotations

Branches:
Dungeon (2/15)

Altars:


Innate Abilities, Weirdness & Mutations

You are very small and have problems with some larger weapons.
You are too small for most types of armour.
You have supernaturally acute eyesight. (SInv)
You cover ground extremely quickly. (Speed+++)


Message History

There is an open door here.
A dart slug comes into view.
Found a purple potion.
An endoplasm comes into view.
A goblin comes into view. It is wielding a +0 club.
The goblin moves out of view.
The dart slug launches a dart at you. The slug dart misses you.
A kobold comes into view. It is wielding a +0 dagger.
The helpless endoplasm fails to defend itself.
You impale the endoplasm!!
You kill the endoplasm!
Your Short Blades skill increases to level 2!
You see here a purple potion.
f - a purple potion The goblin hits you with a +0 club.
The kobold shouts!
The kobold hits you with a +0 dagger.
You hit the kobold.
The kobold is heavily wounded.
You hit the kobold but do no damage.
The kobold is heavily wounded.
The kobold hits you with a +0 dagger.
You hit the kobold.
The kobold is severely wounded.
The kobold barely misses you.
You hit the kobold but do no damage.
The kobold is severely wounded.
The kobold closely misses you.
You hit the kobold but do no damage.
The kobold is severely wounded.
The kobold hits you with a +0 dagger.
* * * LOW HITPOINT WARNING * * *
You closely miss the kobold.
The kobold is severely wounded.
The kobold closely misses you.
You closely miss the kobold.
The kobold is severely wounded.
The goblin hits you with a +0 club.
You die...

..##≈8....<♣# #...###.#.......#
..#≈≈≈..♣P#.♣ #...# #.#..#....#
..'....♣P#P## #...###.#.......#
..#############...............#
####......g.......###.#.##.##.#
###.#.####......(....#.# .# .#
#.................####[# #
####...#########g###
...#...#########@#
...#..........##K#
..............##.#
....w.............
...#.......##.##.#
#..#..............
.......#.###..#..# #..........
.....# ...#.#.#.### .#..


You could see a goblin and a kobold.

Vanquished Creatures
  A dart slug (D:2)
  A ball python (D:1)
  A bat (D:1)
  2 endoplasms (D:1)
  A goblin (D:1)
  A hobgoblin (D:1)
  A quokka (D:1)
  A rat (D:2)
9 creatures vanquished.

Notes
Turn   | Place    | Note
-------+----------+-------------------------------------------
     0 | D:1      | Karpo the Spriggan Enchanter began the quest for the Orb.
     0 | D:1      | Reached XP level 1. HP: 9/9 MP: 5/5
   345 | D:1      | Reached skill level 5 in Stealth
   345 | D:1      | Reached XP level 2. HP: 13/13 MP: 6/6
   348 | D:1      | Learned a level 2 spell: Ensorcelled Hibernation
   526 | D:1      | Slain by a goblin

Illustrated notes

Levels and vault maps discovered:
D:1:      tarquinn_simple_flora_water_d, layout_basic
D:2:      layout_rooms, uniq_crazy_yiuf_cottage

Skill      XL: |  1  2 |
---------------+-------+-----
Stealth        | 5 |  5.1
Short Blades   | 2 |  2.0
Dodging        | |  2.6
Spellcasting   | |  2.6
Hexes          | |  3.6

Action                   || total
-------------------------++-------
Melee: Dagger            ||    37
 Stab: Sleeping          ||     4
Armor: Robe              ||     4
Dodge: Dodged            ||    36
